 Dungeon Crawl Stone Soup version 0.31-a0-832-g3a2c1c66ba (webtiles) character file.

Game seed: 2263855931812719946

296 Ijustatesigmund the Magician (level 6, -7/35 HPs)
             Began as a Deep Elf Conjurer on Sept 25, 2023.
             Shot with an arrow by a centaur (11 damage)
             ... on level 5 of the Dungeon.
             The game lasted 00:05:27 (3563 turns).

Ijustatesigmund the Magician (Deep Elf Conjurer)    Turns: 3563, Time: 00:05:27

Health: -7/35      AC:  2    Str:  4    XL:     6   Next: 12%
Magic:  15/15      EV: 17    Int: 25    God:
Gold:   222        SH:  0    Dex: 13    Spells: 5/15 levels left

rFire   . . .        c - +0 sling
rCold   . . .        (no shield)
rNeg    . . .        a - +0 robe
rPois   .            (no helmet)
rElec   .            (no cloak)
rCorr   .            (no gloves)
SInv    +            (no boots)
Will    .....        (no amulet)
Stlth   ++           f - +5 ring of evasion
HPRegen 0.25/turn    u - ring of see invisible
MPRegen 0.14/turn

%: no passive effects
@: no status effects
A: no striking features
a: no special abilities


You were on level 5 of the Dungeon.
You visited 2 branches of the dungeon, and saw 6 of its levels.

You collected 222 gold pieces.

Inventory:

Hand Weapons
 c - a +0 sling (weapon)
Missiles
 r - a throwing net
Armour
 a - a +0 robe (worn)
Jewellery
 f - a +5 ring of evasion (left hand)
 u - a ring of see invisible (right hand)
 w - a +6 ring of strength
Wands
 l - a wand of roots (6)
 o - a wand of mindburst (17)
Scrolls
 d - 2 scrolls of teleportation {unknown}
 e - 2 scrolls of enchant armour {unknown}
 g - a scroll of silence {unknown}
 i - a scroll of poison {unknown}
 j - a scroll of revelation {unknown}
 m - a scroll of fear {unknown}
 n - 5 scrolls of identify {unknown}
 s - a scroll of amnesia {unknown}
 t - a scroll of vulnerability {unknown}
 v - a scroll of fog {unknown}
 x - a scroll of blinking {unknown}
Potions
 b - a potion of magic
 h - 2 potions of curing {unknown}
 k - 2 potions of attraction {unknown}
 p - a potion of berserk rage {unknown}
 q - 4 potions of mutation {unknown}


   Skills:
 - Level 2.0 Fighting
 + Level 3.0 Ranged Weapons
 - Level 2.4 Dodging
 - Level 2.4 Stealth
 + Level 5.0 Spellcasting
 - Level 4.9 Conjurations
 + Level 2.1 Translocations
 + Level 2.1 Earth Magic


You had 5 spell levels left.
You knew the following spells:

 Your Spells              Type           Power      Damage    Failure   Level
a - Magic Dart            Conj           100%       1d8       1%          1
b - Searing Ray           Conj           62%        2d6       1%          2
c - Iskenderun's Mystic   Conj/Tloc      24%        2d7       19%         4
d - Stone Arrow           Conj/Erth      48%        3d10      6%          3

Your spell library contained the following spells:

 Spells                   Type           Power      Damage    Failure   Level
 Dazzling Flash           Conj/Hex       36%        N/A       9%          3
 Hailstorm                Conj/Ice       18%        3d6       9%          3
 Tukima's Dance           Hex            6%         N/A       24%         3
 Fulminant Prism          Conj/Hex       9%         3d7       28%         4
 Passage of Golubria      Tloc           17%        N/A       34%         4
 Animate Armour           Summ/Erth      22%        N/A       45%         4
 Summon Ice Beast         Ice/Summ       6%         N/A       63%         4
 Yara's Violent Unravell  Hex/Tmut       3%         3d4       92%         5
 Simulacrum               Ice/Necr       3%         N/A       100%        6
 Lehudib's Crystal Spear  Conj/Erth      12%        10d4      100%        8


Dungeon Overview and Level Annotations

Branches:
Dungeon (5/15)             Temple (1/1) D:4

Altars:
Cheibriados
Hepliaklqana
Okawaru
Sif Muna
Wu Jian
Xom
Zin
The Shining One


Message History

The sling bullet barely misses the iguana.
You shoot a sling bullet.
The sling bullet barely misses the iguana.
You shoot a sling bullet.
The sling bullet closely misses the iguana.
You shoot a sling bullet.
The sling bullet hits the iguana but does no damage.
The iguana is heavily wounded.
Casting: Searing Ray (safe; 1% risk of failure)
Confirm with . or Enter, or press ? or * to list all spells.
Aiming: Searing Ray (safe; 1% risk of failure)
Press: ? - help, Shift-Dir - straight line, f/p - iguana
Aim: an iguana (heavily wounded, 82% to hit)
The searing ray hits the iguana but does no damage.
The iguana is heavily wounded. (Press . to maintain the ray.)
The iguana barely misses you.
The searing ray hits the iguana.
The iguana is severely wounded.
The iguana misses you.
The searing ray hits the iguana.
You kill the iguana!
Your Ranged Weapons skill increases to level 3!
Your Spellcasting skill increases to level 5!
Magic restored.
A centaur comes into view.
You shoot a sling bullet. The sling bullet hits the centaur.
The centaur shouts!
The centaur is lightly wounded.
You hear a shout!
The centaur wields a +2 shortbow of flaming.
It bursts into flame!
The centaur shoots an arrow.
The arrow hits you. The arrow burns you.
The centaur shoots an arrow.
The arrow hits you! The arrow burns you.
The centaur shoots an arrow.
The arrow hits you!
* * * LOW HITPOINT WARNING * * *
The arrow burns you.
* * * LOW HITPOINT WARNING * * *
The centaur shoots an arrow.
The arrow hits you!
You die...

#.# ####.####
#.c.....#
#.##.##.#
#.##.##.#
#.#..##.######
#.#.##.......####
#.#.##..####.##.##
#@......####.##.#.
###.......##.##.#.
####.##.........
#.#####.##...
#.......#####
#########


You could see a centaur.

Vanquished Creatures
  A phantom (D:4)
  2 hounds
  2 iguanas
  4 adders
  An ufetubus (D:4)
  2 worms
  2 orcs (D:4)
  7 ball pythons
  2 bats
  5 endoplasms
  A giant cockroach (D:1)
  8 goblins
  3 hobgoblins
  8 jackals
  8 kobolds
  2 quokkas (D:4)
  3 frilled lizards
  9 rats
70 creatures vanquished.

Notes
Turn   | Place    | Note
-------+----------+-------------------------------------------
     0 | D:1      | Ijustatesigmund the Deep Elf Conjurer began the quest for
                  | the Orb.
     0 | D:1      | Reached XP level 1. HP: 10/10 MP: 6/6
   186 | D:1      | Reached XP level 2. HP: 16/16 MP: 8/8
   212 | D:1      | Learned a level 2 spell: Searing Ray
   609 | D:1      | Reached skill level 1 in Fighting
  1071 | D:2      | Reached XP level 3. HP: 20/20 MP: 10/10
  1968 | D:3      | Reached skill level 1 in Ranged Weapons
  1968 | D:3      | Reached skill level 4 in Spellcasting
  2074 | D:3      | Reached XP level 4. HP: 25/25 MP: 12/12
  2079 | D:3      | Learned a level 4 spell: Iskenderun's Mystic Blast
  2083 | D:3      | Learned a level 3 spell: Stone Arrow
  2231 | D:3      | Found a glowing silver altar of Zin.
  2349 | D:3      | You fall into a shaft and drop 1 floor!
  2774 | D:4      | Reached skill level 1 in Translocations
  2774 | D:4      | Reached skill level 1 in Earth Magic
  2774 | D:4      | Reached XP level 5. HP: 30/30 MP: 6/13
  3050 | D:4      | Found a staircase to the Ecumenical Temple.
  3057 | Temple   | Entered the Ecumenical Temple
  3220 | D:4      | Noticed a phantom
  3225 | D:4      | Killed a phantom
  3278 | D:4      | Reached XP level 6. HP: 21/35 MP: 10/15
  3456 | D:5      | Entered Level 5 of the Dungeon
  3493 | D:5      | Reached skill level 5 in Spellcasting
  3563 | D:5      | Shot with an arrow by a centaur

Illustrated notes

Levels and vault maps discovered:
D:1:      nzn_arrival_settlement, layout_basic, minmay_hedge_maze,
          due_unseen_surprise
D:2:      layout_basic, hangedman_decor_riveting, serial_bayou_pond_e
D:3:      layout_rooms, zin_treasury
D:4:      minmay_chambers_of_twos, layout_cave_pools,
          minmay_temple_entry_nine_rooms, minmay_fractal_squares_gapless_5
D:5:      layout_loops_cross, general_overflow_altar, lemuel_tele_altar,
          lightli_temple_of_fire, serial_shops, nicolae_shop_peninsula
Temple:   hellmonk_temple_beads

Skill      XL: |  1  2  3  4  5  6 |
---------------+-------------------+-----
Fighting       | 1 2 |  2.0
Ranged Weapons | 1 2 3 |  3.0
Spellcasting   | 4 5 |  5.0
Translocations | 1 2 |  2.1
Earth Magic    | 1 2 |  2.1
Dodging        | |  2.4
Stealth        | |  2.4
Conjurations   | |  4.9

Action                     |  1- 3 |  4- 6 || total
---------------------------+-------+-------++-------
   Fire: Sling             |    66 |    22 ||    88
   Cast: Magic Dart        |    16 |    12 ||    28
         Searing Ray       |     7 |    14 ||    21
 Armour: Robe              |     5 |     6 ||    11
  Dodge: Dodged            |     8 |    10 ||    18

Table legend: (Time is in decaauts)
 A = Elapsed time spent in this place.
 B = Non-inter-level travel time spent in this place.
 C = Inter-level travel time spent in this place.
 D = Time resting spent in this place.
 E = Time spent auto-exploring this place.
 F = Levels seen in this place.
 G = Mean time per level.
                   A        B        C        D        E       F      G
               +--------+--------+--------+--------+--------+-----+--------+
         Total |   3593 |   3446 |    147 |     56 |   3000 |   6 |  598.8 |
       Dungeon |   3591 |   3446 |    145 |     56 |   3000 |   5 |  718.2 |
        Temple |      1 |      0 |      1 |      0 |      0 |   1 |    1.0 |
               +--------+--------+--------+--------+--------+-----+--------+

Top non-repeatable levels by time:
     D:2: 1115 daAuts
     D:4: 955 daAuts
     D:1: 714 daAuts
     D:3: 698 daAuts
     D:5: 108 daAuts
  Temple: 1 daAuts
